 Dungeon Crawl Stone Soup version 0.18.1-6-gd335043 (webtiles) character file.

724 M4edhros the Cleaver (level 7, 0/57 HPs)
             Began as a Minotaur Berserker on May 20, 2016.
             Was a Believer of Trog.
             Slain by Sigmund
             ... wielding a +0 scythe
              (5 damage)
             ... on level 6 of the Dungeon.
             The game lasted 00:03:31 (797 turns).

M4edhros the Cleaver (Minotaur Berserker)            Turns: 797, Time: 00:03:32

Health: 0/57       AC:  6    Str: 21    XL:     7   Next: 43%
Magic:  6/6        EV: 16    Int:  8    God:    Trog [**....]
Gold:   59         SH:  0    Dex: 17    Spells: 0 memorised, 6 levels left

rFire  + . .     SeeInvis .     m - +6 hand axe
rCold  + . .     Gourm    .     h - +0 scale mail
rNeg   . . .     Faith    .     (no shield)
rPois  +         Spirit   .     (helmet restricted)
rElec  +         Dismiss  .     (no cloak)
rCorr  +         Reflect  .     (no gloves)
SustAt .         Harm     .     (no boots)
MR     .....                    (no amulet)
Stlth  +.........               (no ring)
                                d - +4 ring of intelligence

@: agile, exhausted, resistant, aura of abjuration, not resistant to hostile
enchantments, very unstealthy
A: retaliatory headbutt, horns 2
a: Berserk, Trog's Hand, Burn Spellbooks, Renounce Religion


You were on level 6 of the Dungeon.
You worshipped Trog.
Trog was pleased with you.
You were near starving.

You visited 1 branch of the dungeon, and saw 6 of its levels.

You collected 59 gold pieces.

Inventory:

Hand Weapons
 a - a +0 hand axe
 m - a +6 hand axe (weapon)
 r - a +0 war axe
Armour
 b - a +0 animal skin
 h - a +0 scale mail (worn)
Jewellery
 d - a +4 ring of intelligence (left hand)
Wands
 k - a wand of flame (0/48)
 s - a wand of acid (4/15)
Scrolls
 i - a scroll of remove curse {unknown}
 j - 3 scrolls of identify {unknown}
 n - 2 scrolls of teleportation {unknown}
Miscellaneous
 q - a plain deck of summoning {drawn: 5}
Comestibles
 c - a bread ration
 f - a meat ration
 o - 2 fruits
 t - 4 chunks of flesh


   Skills:
 - Level 3.6 Fighting
 + Level 10.4 Axes
 - Level 2.4 Armour
 - Level 2.1 Dodging


You had 6 spell levels left.
You didn't know any spells.

Dungeon Overview and Level Annotations

Branches:
Dungeon (6/15)
 Temple: D:4-7

Altars:
Nemelex Xobeh
Pakellas

Annotations:
D:6 Sigmund


Innate Abilities, Weirdness & Mutations

You reflexively headbutt those who attack you in melee.
You have a pair of horns on your head.


Message History

Gang up on whom?
Press: ? - help, Dir - move target cursor There's nothing there!
Evoke which item? (* to show all) (? for menu, Esc to quit)
You draw a card...
It is the Crusade.
You extend your aura of abjuration.
You feel yourself speed up.
You hear some strange, mumbled words.
A puff of flame appears from out of thin air!
Helpless, you fail to dodge the puff of flame.
Something hits you but does no damage.
Evoke which item? (* to show all) (? for menu, Esc to quit)
You draw a card...
It is the Rangers.
You feel less woody.
Your +0 scale mail unmelds from your body.
Your water elemental is engulfed in a cloud of scalding steam.
Evoke which item? (* to show all) (? for menu, Esc to quit)
You draw a card...
It is the Illusion.
Suddenly you stand beside yourself.
Your water elemental is engulfed in a cloud of scalding steam.
Something hits you.
You die...

#.# #############
#.#
###...........####.#
............>... #)#
#.........(..# #.#
#............# #)#
#............# #)#
##.!..cE≈.....# #.#
.....{≈@c@....+ #.#
##....§c§.....# #.#
#............####.#
#.................#
#.#################
# #....#
##########.##.#
#........#.##.#
#.######.#.##.#


You could see a friendly water elemental, 3 friendly centaurs and the friendly
M4edhros's illusion.

Vanquished Creatures
  The ghost of Statics the Quickloader, a novice OpHu of Okawaru (D:5)
  A centaur (D:5)
  A phantom (D:4)
  A wyvern zombie (D:6)
  An orc wizard (D:6)
  A worker ant (D:4)
  A hound skeleton (D:4)
  2 adders (D:4)
  4 gnolls (D:5)
  An adder zombie (D:5)
  A giant gecko (D:2)
  3 orcs
  A ball python (D:1)
  2 bats
  A quokka (D:4)
  2 kobolds
  2 rats
26 creatures vanquished.

Notes
Turn   | Place    | Note
--------------------------------------------------------------
     0 | D:1      | M4edhros the Minotaur Berserker began the quest for the Orb.
     0 | D:1      | Reached XP level 1. HP: 19/19 MP: 0/0
    42 | D:2      | Found a faded altar to an unknown god.
    47 | D:2      | Reached skill level 4 in Axes
   341 | D:3      | Reached XP level 2. HP: 26/26 MP: 1/1
   392 | D:4      | Reached skill level 5 in Axes
   392 | D:4      | Reached XP level 3. HP: 24/31 MP: 2/2
   396 | D:4      | Noticed a phantom
   425 | D:4      | Found a sparkling altar of Nemelex Xobeh.
   431 | D:4      | Killed a phantom
   431 | D:4      | Reached skill level 6 in Axes
   431 | D:4      | Reached XP level 4. HP: 39/39 MP: 3/3
   433 | D:4      | Reached skill level 7 in Axes
   433 | D:4      | Reached XP level 5. HP: 45/45 MP: 4/4
   475 | D:5      | Entered Level 5 of the Dungeon
   507 | D:5      | Found an oddly glowing altar of Pakellas.
   521 | D:5      | Noticed Statics's ghost (novice OpHu)
   548 | D:5      | Killed Statics's ghost
   548 | D:5      | Reached skill level 9 in Axes
   548 | D:5      | Reached XP level 6. HP: 51/51 MP: 5/5
   548 | D:5      | Reached XP level 7. HP: 57/57 MP: 6/6
   577 | D:5      | Reached skill level 10 in Axes
   596 | D:5      | Found an oddly glowing altar of Pakellas.
   732 | D:6      | Reached ** piety under Trog
   768 | D:6      | Noticed Sigmund
   797 | D:6      | Slain by Sigmund

Skill      XL: |  1  2  3  4  5  6  7 |
---------------+----------------------+-----
Axes           | 4 5 6 7 9 10 | 10.4
Fighting       | |  3.6
Armour         | |  2.4
Dodging        | |  2.1

Action                   |  1- 3 |  4- 6 |  7- 9 || total
-------------------------+-------+-------+-------++-------
Melee: Hand axe          |    19 |    12 |    28 ||    59
       Headbutt          |     2 |     1 |     7 ||    10
Invok: Berserk           |     1 |     1 |     1 ||     3
Evoke: Wand              |       |       |    14 ||    14
       Deck              |       |       |     5 ||     5
  Use: Potion            |       |       |     4 ||     4
  Eat: Chunk             |       |       |     1 ||     1
Armor: Animal skin       |     4 |       |       ||     4
       Scale mail        |     4 |     5 |     7 ||    16
       Skin              |       |       |    13 ||    13
Dodge: Dodged            |    22 |     4 |    11 ||    37
